 Dungeon Crawl Stone Soup version 0.16-a0-3325-g64f94fb (webtiles) character file.

4322 BluebellGnoll the Geomancer (level 10, 9/50 HPs)
             Began as a Gargoyle Earth Elementalist on Dec 27, 2014.
             Was a Follower of Vehumet.
             Quit the game on level 8 of the Dungeon.
             The game lasted 00:52:50 (10409 turns).

BluebellGnoll the Geomancer (GrEE)                 Turns: 10409, Time: 00:52:51

Health: 9/50       AC: 15    Str: 17    XL:     10   Next: 33%
Magic:  16/27      EV: 14    Int: 19    God:    Vehumet [*.....]
Gold:   98         SH:  0    Dex: 10    Spells: 4 memorised, 15 levels left

rFire  + . .     SeeInvis .     b - 82 stones
rCold  . . .     Clarity  .     F - +2 leather armour {rF+}
rNeg   + . .     SustAb   .     (no shield)
rPois  ∞         Gourm    .     x - +0 helmet
rElec  +         Spirit   .     l - +0 cloak
rCorr  .         Warding  .     (no gloves)
rMut   .         Stasis   .     m - +0 pair of boots
MR     .....                    (no amulet)
Stlth  ++........               (no ring)
                                (no ring)

@: mighty, not resistant to hostile enchantments, unstealthy
A: negative energy resistance 1, electricity resistance, unbreathing,
petrification resistance, rot immunity, AC +7
a: Renounce Religion


You were on level 8 of the Dungeon.
You worshipped Vehumet.
Vehumet was aware of your devotion.
You were very hungry.

You visited 2 branches of the dungeon, and saw 9 of its levels.

You collected 237 gold pieces.
You spent 139 gold pieces at shops.

Inventory:

Hand weapons
 c - a +1 whip of electrocution
 h - a +0 club
 u - a +0 blowgun
 H - a +4 mace
Missiles
 b - 82 stones (in hand)
 j - 4 tomahawks
 k - 29 poisoned needles
Armour
 l - a +0 cloak (worn)
 m - a +0 pair of boots (worn)
 x - a +0 helmet (worn)
 F - a +2 leather armour of fire resistance (worn)
Magical devices
 q - a wand of disintegration (21)
 D - a wand of teleportation (1)
 E - a wand of disintegration (0)
Scrolls
 g - 2 scrolls of magic mapping
 v - 3 scrolls of fog
 B - a scroll of recharging
Potions
 e - a potion of resistance {unknown}
 f - 6 potions of curing
 i - a potion of berserk rage {unknown}
 o - a potion of haste
 p - a potion of brilliance {unknown}
 t - a potion of restore abilities {unknown}
 w - a potion of heal wounds {unknown}
 A - a potion of might
 G - a potion of agility {unknown}
Books
 d - a book of Geomancy

   Spells                             Type                      Level
   a - Sandblast                      Earth                        1
   b - Stoneskin                      Transmutation/Earth          2
   c - Passwall                       Transmutation/Earth          3
   d - Stone Arrow                    Conjuration/Earth            3
   e - Petrify                        Transmutation/Earth          4
   f - Lee's Rapid Deconstruction     Earth                        5
Comestibles
 a - 6 bread rations
 r - a slice of pizza
 C - a beef jerky


   Skills:
 + Level 3.1 Maces & Flails
 - Level 7.1 Dodging
 - Level 2.1 Stealth
 - Level 8.6 Spellcasting
 - Level 2.6 Conjurations
 - Level 0.7 Transmutations
 - Level 9.0 Earth Magic


You had 15 spell levels left.
You knew the following spells:

 Your Spells              Type           Power        Failure   Level  Hunger
a - Sandblast             Erth           #####.       1%          1    None
b - Stoneskin             Trmt/Erth      ####....     1%          2    None
c - Stone Arrow           Conj/Erth      ####..       1%          3    None
f - Lee's Rapid Deconstr  Erth           #####.....   8%          5    #####..


Dungeon Overview and Level Annotations

Branches:
Dungeon (8/15)             Temple (1/1) D:7
   Lair: D:8-11

Altars:
Ashenzari
Nemelex Xobeh
Qazlal
Sif Muna
Vehumet
The Shining One

Shops:
D:5 [   D:7 *

Annotations:
D:8 Maurice


Innate Abilities, Weirdness & Mutations

You are resistant to torment.
You are immune to poison.
Your stone body is very resilient (AC +7).
You resist negative energy.
You are resistant to electric shocks.
You can survive without breathing.
You are immune to petrification.
You are immune to rotting.


Message History

You clumsily bash something.
Something hits you but does no damage.
The orc warrior hits you with a war axe.
You miss something. Something hits you but does no damage.
The orc warrior hits you with a war axe!
Something hits you. Something steals your blue potion!
You miss something. The orc warrior barely misses you.
Something hits you but does no damage.
You closely miss something. The orc warrior completely misses you.
Something hits you but does no damage.
The orc warrior hits you with a war axe.
Something hits you but does no damage.
You closely miss something.
You hear a distant slurping noise.
Something hits you.
Something steals your scroll of remove curse!
The orc warrior hits you with a war axe!
* * * LOW HITPOINT WARNING * * *
Read which item? (? for menu, Esc to quit)
Okay, then.
Are you sure you want to abandon this character and quit the game? (Confirm with "yes".)

..# .# #.........# #...# o..#
###.......# #...# #...#
#####...# #...# .... ##..#
#...# #..# #..## #...# ##).#
##...# #...# ##..# ### ###...##
##...###..#########.#####..<..#
...............o@{...........##
#####.#############..#########
#.#....?...%..#..#
#.#.####.####.#.##
#.#....#.#....#.#
.####.####.#.#.####.#
...........#.#......##
############.######..#
.................#


You could see an orc warrior.

Vanquished Creatures
  Pikel (D:7)
  An oklob plant (D:6)
  The ghost of BluebellGnoll the Magician, an experienced DEEE of Vehumet (D:5)
  The ghost of Kemay the Digger, an average OpEE of Sif Muna (D:4)
  A wyvern (D:7)
  A water moccasin (D:6)
  Edmund (D:6)
  4 sky beasts
  An ice beast (D:8)
  4 slaves (D:7)
  A phantom (D:6)
  2 orc warriors (D:7)
  A necrophage (D:5)
  An ogre (D:8)
  A centaur (D:5)
  A crocodile (D:8)
  Blork the orc (D:7)
  5 giant frogs
  A scorpion (D:6)
  A goliath beetle (D:6)
  A giant frog zombie (D:6)
  A centaur zombie (D:8)
  4 crimson imps
  6 jellies
  3 orc priests
  An iguana (D:4)
  2 hounds
  6 orc wizards
  5 worker ants
  A hound zombie (D:5)
  A worker ant zombie (D:7)
  Robin (D:3)
  5 adders
  A shadow imp (D:6)
  3 giant mites
  2 worms
  An adder skeleton (D:7)
  4 giant geckos
  21 oozes
  23 orcs
  8 bats
  A bat skeleton (D:4)
  4 giant cockroaches
  15 hobgoblins
  9 jackals
  A quokka (D:3)
  3 ball pythons
  5 giant newts
  15 goblins
  14 kobolds
  9 rats
207 creatures vanquished.

Vanquished Creatures (others)
  3 fungi (D:6)
3 creatures vanquished.

Grand Total: 210 creatures vanquished

Notes
Turn   | Place    | Note
--------------------------------------------------------------
     0 | D:1      | BluebellGnoll, the Gargoyle Earth Elementalist, began the quest for the Orb.
     0 | D:1      | Reached XP level 1. HP: 10/10 MP: 3/3
   308 | D:1      | Reached XP level 2. HP: 15/15 MP: 1/5
   766 | D:1      | Reached XP level 3. HP: 19/19 MP: 2/8
   997 | D:1      | Learned a level 2 spell: Stoneskin
  1001 | D:1      | Learned a level 3 spell: Stone Arrow
  1490 | D:2      | Reached XP level 4. HP: 15/24 MP: 10/10
  1659 | D:2      | Reached skill level 4 in Spellcasting
  2270 | D:3      | Noticed a giant frog
  2276 | D:3      | Killed a giant frog
  2276 | D:3      | Reached skill level 1 in Conjurations
  2276 | D:3      | Reached XP level 5. HP: 23/28 MP: 9/13
  2537 | D:3      | Reached skill level 5 in Earth Magic
  2565 | D:3      | Found a glowing golden altar of the Shining One.
  2668 | D:3      | You fall through a shaft for 3 floors!
  2828 | D:6      | Reached skill level 6 in Earth Magic
  2828 | D:6      | Reached XP level 6. HP: 30/32 MP: 6/15
  2970 | D:6      | Noticed a phantom
  2986 | D:6      | Killed a phantom
  3056 | D:6      | Reached skill level 5 in Spellcasting
  3056 | D:6      | Reached XP level 7. HP: 36/36 MP: 5/18
  3195 | D:5      | Entered Level 5 of the Dungeon
  3217 | D:5      | Noticed BluebellGnoll's ghost (experienced DEEE)
  3266 | D:5      | Found Skon's Antique Armour Shoppe.
  3694 | D:4      | Noticed Robin
  3712 | D:3      | Killed Robin
  3959 | D:4      | Noticed Kemay's ghost (average OpEE)
  3977 | D:4      | Killed Kemay's ghost
  4341 | D:5      | Found a sparkling altar of Nemelex Xobeh.
  5092 | D:5      | Killed BluebellGnoll's ghost
  5092 | D:5      | Reached skill level 7 in Earth Magic
  5092 | D:5      | Reached XP level 8. HP: 41/41 MP: 5/20
  5122 | D:5      | Found a deep blue altar of Sif Muna.
  5385 | D:5      | Reached skill level 8 in Earth Magic
  5869 | D:6      | Learned a level 5 spell: Lee's Rapid Deconstruction
  5910 | D:6      | Noticed an oklob plant
  5955 | D:6      | Reached skill level 5 in Dodging
  6329 | D:6      | Noticed a sky beast
  6546 | D:6      | Reached skill level 9 in Earth Magic
  6546 | D:6      | Reached XP level 9. HP: 45/45 MP: 10/21
  6553 | D:6      | Noticed a sky beast
  6605 | D:5      | Killed a sky beast
  6678 | D:6      | Noticed a sky beast
  6684 | D:6      | Killed a sky beast
  6877 | D:6      | Found a shattered altar of Ashenzari.
  6877 | D:6      | Found a radiant altar of Vehumet.
  6887 | D:6      | Became a worshipper of Vehumet
  7038 | D:6      | Killed a sky beast
  7186 | D:6      | Found a stormy altar of Qazlal.
  7977 | D:6      | Killed an oklob plant
  8238 | D:7      | Noticed Edmund
  8274 | D:6      | Killed Edmund
  8322 | D:7      | Found Mowum's Assorted Antiques.
  8330 | D:7      | Bought a sedimented orange potion for 26 gold pieces
  8330 | D:7      | Bought an amethyst potion for 26 gold pieces
  8330 | D:7      | Bought a scroll labeled SCHO HYQOJE for 29 gold pieces
  8330 | D:7      | Bought a scroll labeled PUNEF MEME for 29 gold pieces
  8330 | D:7      | Bought a scroll labeled STRIELO XEIM for 29 gold pieces
  8775 | D:7      | Found a staircase to the Ecumenical Temple.
  8782 | Temple   | Entered the Ecumenical Temple
  9060 | D:7      | Reached XP level 10. HP: 21/50 MP: 15/25
  9357 | D:7      | Noticed Blork the orc
  9361 | D:7      | Killed Blork the orc
  9543 | D:7      | Noticed Pikel
  9565 | D:7      | Killed Pikel
  9936 | D:7      | Reached skill level 1 in Maces & Flails
 10083 | D:8      | Noticed Maurice
 10232 | D:8      | Noticed an orc warrior
 10382 | D:8      | Acquired Vehumet's first power
 10382 | D:8      | Offered knowledge of Shock by Vehumet.
 10409 | D:8      | Quit the game

Action                   |  1- 3 |  4- 6 |  7- 9 | 10-12 || total
-------------------------+-------+-------+-------+-------++-------
Melee: Club              |    62 |       |       |       ||    62
       Short sword       |    35 |    82 |   328 |    37 ||   482
       Whip              |       |       |       |    48 ||    48
Throw: Stone             |     5 |       |       |       ||     5
 Cast: Sandblast         |    39 |    33 |   104 |     7 ||   183
       Stone Arrow       |       |     7 |    61 |    21 ||    89
       Stoneskin         |       |     2 |     7 |       ||     9
       Lee's Rapid Decon |       |       |     7 |     6 ||    13
Evoke: Wand              |       |       |     4 |     2 ||     6
  Use: Scroll            |       |     2 |    10 |       ||    12
       Potion            |       |       |     1 |     1 ||     2
 Stab: Sleeping          |     2 |     2 |     4 |       ||     8
       Distracted        |       |       |     1 |       ||     1
  Eat: Chunk             |     2 |     6 |    10 |     1 ||    19
       Beef jerky        |       |       |     2 |       ||     2
       Meat ration       |       |       |     2 |       ||     2
       Bread ration      |       |       |       |     1 ||     1
